 Dungeon Crawl Stone Soup version 0.21.1-1-g345015f (webtiles) character file.

109 Kandryn the Cudgeler (level 4, -2/48 HPs)
             Began as a Troll Berserker on June 20, 2018.
             Was an Initiate of Trog.
             Slain by Sigmund
             ... wielding a +4 antimagic scythe
              (3 damage)
             ... on level 2 of the Dungeon.
             The game lasted 00:09:34 (1475 turns).

Kandryn the Cudgeler (Troll Berserker)              Turns: 1475, Time: 00:09:35

Health: -2/48      AC:  5    Str: 26    XL:     4   Next: 60%
Magic:  0/5        EV: 11    Int:  3    God:    Trog [......]
Gold:   72         SH:  0    Dex:  9    Spells: 6/6 levels left

rFire    . . .     SeeInvis .   a - +0 mace
rCold    . . .     Gourm    +   (no shield)
rNeg     . . .     Faith    .   b - +0 animal skin
rPois    .         Spirit   .   (helmet restricted)
rElec    .         Reflect  .   (no cloak)
rCorr    .         Harm     .   (gloves unavailable)
MR       .....                  (boots unavailable)
Stlth    ++........             (no amulet)
HPRegen  0.56/turn              h - ring of wizardry
MPRegen  0.09/turn              (no ring)

@: no status effects
A: large, unfitting armour, claws 3, fast metabolism 3, gourmand, regeneration
1, shaggy fur 1, tough skin 2
a: Burn Spellbooks, Renounce Religion


You were on level 2 of the Dungeon.
You worshipped Trog.
Trog was noncommittal.
You were not hungry.

You visited 1 branch of the dungeon, and saw 2 of its levels.

You collected 72 gold pieces.

Inventory:

Hand Weapons
 a - a +0 mace (weapon)
 d - a +5 club
Armour
 b - a +0 animal skin (worn)
Jewellery
 h - a ring of wizardry (left claw)
Potions
 e - a potion of degeneration
Comestibles
 c - 2 rations


   Skills:
 + Level 3.7 Fighting
 + Level 5.0 Maces & Flails
 + Level 2.4 Throwing
 + Level 2.1 Armour
 + Level 3.7 Dodging
 + Level 1.6 Stealth
 + Level 2.6 Unarmed Combat
 + Level 1.6 Spellcasting


You had 6 spell levels left.
You didn't know any spells.

Dungeon Overview and Level Annotations

Branches:
Dungeon (2/15)

Altars:
Nemelex Xobeh
Okawaru
Zin

Annotations:
D:2 Sigmund


Innate Abilities, Weirdness & Mutations

You are too large for most types of armour.
You have claws for hands.
Your metabolism is lightning-fast.
You like to eat raw meat.
Your natural rate of healing is unusually fast.
You are covered in fur. (AC +1)
You have very tough skin. (AC +2)


Message History

The bat hits you.
You hear a zap.
A puff of flame appears from out of thin air!
The puff of flame hits you! The bat hits you but does no damage.
The bat hits you.
You hear some strange, mumbled words.
Something tries to affect you, but you resist.
You bump into the closed door.
The bat completely misses you. Something hits you but does no damage.
You bump into the rock wall.
You feel less confused. The bat hits you but does no damage.
You sock the bat!
You kill the bat!
Trog accepts your kill. Something hits you!
* * * LOW HITPOINT WARNING * * *
You feel your power leaking away. Something hits you.
You die...

.###.#.....##............#####.#.
......................)..#,##....
..............8.#.#.#.#.##.+...##
####....##.####_#####⌠#,*#.#.#.#
..*#.......###############.....#
#.###........##.##.......###'####
.............'...+<.............#
#............##{.#...#+#........#
+............##.@#.#.#+#........#
#............##)................#
.........#.....<#...............#
..###....#.)....................#
..* #....#.....###..............#
.,* #....#.....# #.#.#+#........#
*** ##...#.....# #.#.#,#.(......#
#...#.....###...#,##########
#...#####.......#,*


There were no monsters in sight!

Vanquished Creatures
  Jessica (D:2)
  2 adders
  A worm (D:2)
  A dart slug (D:2)
  A leopard gecko (D:2)
  2 giant cockroaches
  5 goblins
  3 hobgoblins
  8 kobolds
  7 bats
  A frilled lizard (D:1)
  2 rats
34 creatures vanquished.

Notes
Turn   | Place    | Note
-------+----------+-------------------------------------------
     0 | D:1      | Kandryn the Troll Berserker began the quest for the Orb.
     0 | D:1      | Reached XP level 1. HP: 22/22 MP: 0/0
   159 | D:1      | Reached XP level 2. HP: 29/29 MP: 1/1
   666 | D:2      | Reached skill level 3 in Maces & Flails
   672 | D:2      | Reached skill level 4 in Maces & Flails
   672 | D:2      | Reached skill level 1 in Stealth
   672 | D:2      | Reached skill level 1 in Spellcasting
   672 | D:2      | Reached XP level 3. HP: 37/37 MP: 1/4
   741 | D:2      | Noticed Jessica
   746 | D:2      | Killed Jessica
   746 | D:2      | Reached XP level 4. HP: 45/48 MP: 5/5
   750 | D:2      | Found a glowing silver altar of Zin.
   754 | D:2      | Found a sparkling altar of Nemelex Xobeh.
   758 | D:2      | Found an iron altar of Okawaru.
   838 | D:2      | Reached skill level 5 in Maces & Flails
   917 | D:2      | Noticed Sigmund
  1474 | D:2      | HP: 1/48 [something (17)]
  1475 | D:2      | Slain by Sigmund

Skill      XL: |  1  2  3  4 |
---------------+-------------+-----
Maces & Flails | 4 5 |  5.0
Fighting       | 3 |  3.7
Throwing       | 2 |  2.4
Armour         | 2 |  2.1
Dodging        | 3 |  3.7
Stealth        | 1 |  1.6
Unarmed Combat | 2 |  2.6
Spellcasting   | 1 |  1.6

Action                   |  1- 3 |  4- 6 || total
-------------------------+-------+-------++-------
Melee: Mace              |    64 |   101 ||   165
       Punch             |       |     1 ||     1
  Use: Potion            |     1 |     2 ||     3
       Scroll            |     3 |     1 ||     4
 Stab: Sleeping          |     1 |     1 ||     2
  Eat: Chunk             |     5 |     6 ||    11
Armor: Animal skin       |    26 |    80 ||   106
Dodge: Dodged            |    42 |   136 ||   178
